 Dungeon Crawl Stone Soup version 0.28.0-45-g0d030f2227 (webtiles) character file.

Game seed: 11857937997171609551

109 Antichthon the Grasshopper (level 4, 0/40 HPs)
             Began as a Naga Warper on Apr 10, 2022.
             Killed from afar by Sigmund (9 damage)
             ... with a puff of flame
             ... on level 3 of the Dungeon.
             The game lasted 00:07:56 (3261 turns).

Antichthon the Grasshopper (Naga Warper)            Turns: 3261, Time: 00:07:57

Health: 0/40       AC:  3    Str: 13    XL:     4   Next: 90%
Magic:  7/7        EV:  9    Int: 13    God:
Gold:   134        SH:  0    Dex: 13    Spells: 5/7 levels left

rFire   . . .      SeeInvis +   a - +0 mace (elec)
rCold   . . .      Faith    .   (no shield)
rNeg    . . .      Spirit   .   e - +0 leather armour
rPois   +          Reflect  .   (no helmet)
rElec   .          Harm     .   (no cloak)
rCorr   .          Rampage  .   (no gloves)
Will    .....                   (no barding)
Stlth   +.........              (no amulet)
HPRegen 0.13/turn               (no ring)
MPRegen 0.10/turn               (no ring)

@: short of breath, very slow
A: AC +1, large, see invisible, deformed body, poison resistance, slowness 2,
spit poison 1, naga tail 1
a: Spit Poison


You were on level 3 of the Dungeon.
You visited 1 branch of the dungeon, and saw 3 of its levels.

You collected 134 gold pieces.

Inventory:

Hand Weapons
 a - a +0 mace of electrocution (weapon)
 b - a +0 hunting sling
Missiles
 d - 5 boomerangs of dispersal (quivered)
Armour
 e - a +0 leather armour (worn)
Scrolls
 c - a scroll of blinking
 g - a scroll of teleportation
 k - a scroll of fear {unknown}
 l - a scroll of vulnerability {unknown}
 n - a scroll of enchant weapon {unknown}
Potions
 f - 2 potions of flight
 h - a potion of invisibility {unknown}
 i - a potion of heal wounds {unknown}
 j - 2 potions of degeneration {unknown}
 m - 2 potions of attraction {unknown}
 o - a potion of brilliance {unknown}


   Skills:
 + Level 2.7 Fighting
 + Level 3.0 Maces & Flails
 - Level 0.8 Throwing
 + Level 2.3 Armour
 + Level 2.0 Dodging
 - Level 2.0 Spellcasting
 - Level 3.0 Translocations


You had 5 spell levels left.
You knew the following spells:

 Your Spells              Type           Power      Damage    Failure   Level
a - Blink                 Tloc           18%        N/A       14%         2

Your spell library contained the following spells:

 Spells                   Type           Power      Damage    Failure   Level
 Gell's Gravitas          Tloc           9%         N/A       28%         3
 Lesser Beckoning         Tloc           9%         N/A       28%         3
 Teleport Other           Tloc           9%         N/A       28%         3
 Manifold Assault         Tloc           9%         N/A       95%         5


Dungeon Overview and Level Annotations

Branches:
Dungeon (3/15)

Altars:

Annotations:
D:3 Sigmund


Innate Abilities, Weirdness & Mutations

Your serpentine skin is tough. (AC +1)
You have supernaturally acute eyesight. (SInv)
Armour fits poorly on your strangely shaped body.
Your system is resistant to poisons. (rPois)
You cover ground very slowly.
You can spit poison.
You have a snake-like lower body.


Message History

Sigmund the Dreaded comes into view.
He is wielding a +0 scythe.
Sigmund shouts!
Aiming: Spit Poison (1% risk of failure)
Press: ? - help, Shift-Dir - straight line, f - Sigmund
Aim: Sigmund, wielding a +0 scythe and wearing a +0 robe (54% to hit)
The splash of poison misses Sigmund.
Sigmund gestures at you while chanting. The puff of flame hits you.
Unknown command.
You have got your breath back.
Aiming: Spit Poison (1% risk of failure)
Press: ? - help, Shift-Dir - straight line, f/p - Sigmund
Aim: Sigmund, wielding a +0 scythe and wearing a +0 robe (54% to hit)
The splash of poison hits Sigmund.
Sigmund is lightly wounded.
Sigmund hits you with a +0 scythe!
You hit Sigmund.
Sigmund is moderately wounded.
Sigmund barely misses you.
You hit Sigmund.
Sigmund is moderately wounded.
You have got your breath back.
Sigmund hits you with a +0 scythe!
You barely miss Sigmund.
Sigmund is moderately wounded.
Sigmund barely misses you.
You hit Sigmund. You punch Sigmund, but do no damage.
Sigmund is heavily wounded.
Aiming: Spit Poison (1% risk of failure)
Press: ? - help, Shift-Dir - straight line, f/p - Sigmund
Aim: Sigmund, wielding a +0 scythe and wearing a +0 robe (heavily wounded, 54% to hit)
The splash of poison hits Sigmund.
Sigmund is poisoned.
Sigmund is severely wounded.
Sigmund hits you with a +0 scythe!
* * * LOW HITPOINT WARNING * * *
You hit Sigmund.
Sigmund is almost dead.
Sigmund gestures at you while chanting. The puff of flame hits you!
You die...

..)....#.# #.......+...##### #
...<#..#.####.#..####.......# #
.......>...##.#..# #.##....# #
.##.#..#......##.####.......# #
.##.#..###.##.##.##.#.......# ###
.##....###.##.##.#.........####.#
.................................
.......###.##.##.#...####.#.###..
.#...#.# #......@#...# #.#..<#.#
.....#.# #.#.#..@#...# #.#.#.#.#
.#.#.#.# #.......#...# #.#.#.#.#
.#.#.#.# #.#.#.......# #.#.#.#.#
.#.#.#.. .....)#.#...# #.#.#.#.#
.#.#.#.# #..#.##.#.@.# #.#>#.#.#
.#.#.... ..... ... .... ....#
...... .###. ### ##### #.###
...###


You could see Sigmund (poisoned).

Vanquished Creatures
  4 gnolls (D:3)
  3 adders
  6 bats
  3 endoplasms
  A giant cockroach (D:2)
  2 goblins (D:1)
  6 hobgoblins
  6 jackals
  A quokka (D:2)
  2 ball pythons
  3 frilled lizards (D:1)
  4 kobolds
  A rat (D:2)
42 creatures vanquished.

Vanquished Creatures (others)
  4 toadstools (D:1)
4 creatures vanquished.

Grand Total: 46 creatures vanquished

Notes
Turn   | Place    | Note
-------+----------+-------------------------------------------
     0 | D:1      | Antichthon the Naga Warper began the quest for the Orb.
     0 | D:1      | Reached XP level 1. HP: 19/19 MP: 3/3
   479 | D:1      | Found a faded altar of an unknown god.
   498 | D:1      | Reached skill level 1 in Armour
   599 | D:1      | Reached XP level 2. HP: 21/26 MP: 5/5
   608 | D:1      | Learned a level 2 spell: Blink
  1653 | D:2      | Reached XP level 3. HP: 20/33 MP: 6/6
  2498 | D:3      | Reached XP level 4. HP: 40/40 MP: 7/7
  3249 | D:3      | Noticed Sigmund
  3261 | D:3      | Killed from afar by Sigmund

Illustrated notes

Levels and vault maps discovered:
D:1:      ldierk_walled_garden_2, layout_loops_corners, serial_co_window_serial,
          co_window_paths_a, co_window_corner_a, co_window_paths_a,
          co_window_paths_a, co_window_corner_a, co_window_corner_b,
          co_window_broadway_c, co_window_unsneaky_path_c,
          co_window_of_opportunity_b, co_window_broadway_b, co_window_corner_b,
          glass_columns_a, glass_columns_a, glass_columns_a, glass_columns_a,
          ebering_ecumenical_altar_sacrificial
D:2:      layout_loops_ring
D:3:      layout_basic, serial_glass, glass_columns_a, glass_columns_c,
          nrook_loot_triangle, uniq_sigmund

Skill      XL: |  1  2  3  4 |
---------------+-------------+-----
Armour         | 1 2 |  2.3
Dodging        | 2 |  2.0
Maces & Flails | 3 |  3.0
Fighting       | |  2.7
Throwing       | |  0.8
Spellcasting   | |  2.0
Translocations | |  3.0

Action                   |  1- 3 |  4- 6 || total
-------------------------+-------+-------++-------
Melee: Mace              |    42 |    29 ||    71
       Punch             |       |     1 ||     1
 Abil: Spit Poison       |    23 |    13 ||    36
  Use: Scroll            |     3 |       ||     3
 Stab: Sleeping          |       |     1 ||     1
Armor: Leather armour    |    11 |     3 ||    14
Dodge: Dodged            |    23 |    12 ||    35
